 Dungeon Crawl Stone Soup version 0.27.1-33-g824d729ab1 (webtiles) character file.

Game seed: 8699207918510704989

1253 lonewolfV2 the Fighter (level 8, -12/71 HPs)
             Began as a Gnoll Wanderer on Dec 16, 2021.
             Mangled by an ogre (26 damage)
             ... on level 5 of the Dungeon.
             The game lasted 00:13:27 (6522 turns).

lonewolfV2 the Fighter (Gnoll Wanderer)             Turns: 6522, Time: 00:13:29

Health: -12/71     AC: 14    Str: 15      XL:     8   Next: 51%
Magic:  13/13      EV: 12    Int: 15      God:
Gold:   204        SH:  0    Dex:  9 (10) Spells: 12/13 levels left

rFire    . . .     SeeInvis .   r - +3 flail (protect)
rCold    + . .     Faith    +   (no shield)
rNeg     + . .     Spirit   .   d - +1 robe
rPois    .         Reflect  .   (no helmet)
rElec    .         Harm     .   (no cloak)
rCorr    .         Rampage  .   (no gloves)
Will     .....                  (no boots)
Stlth    ++........             k - amulet of Xom's Sleight of Hands {Faith rN+ Int+3}
HPRegen  0.21/turn              n - +4 ring of protection
MPRegen  0.13/turn              p - ring of protection from cold

@: lethally poisoned (-12 -> -19), about to teleport, under a protective aura
A: fangs 1, strong nose, distributed training
a: no special abilities


You were on level 5 of the Dungeon.
You visited 1 branch of the dungeon, and saw 5 of its levels.

You collected 204 gold pieces.

Inventory:

Hand Weapons
 a - a +2 vorpal falchion
 r - a +3 flail of protection (weapon)
 t - a +1 spear of freezing
Missiles
 f - 2 throwing nets
Armour
 d - a +1 robe (worn)
Jewellery
 k - the amulet of Xom's Sleight of Hands (around neck) {Faith rN+ Int+3}
   (You found it on level 5 of the Dungeon)

   [amulet of faith]

   It allows you to gain divine favour quickly.
   Int:       It affects your intelligence (+3).
   rN:        It protects you from negative energy.
 n - a +4 ring of protection (left hand)
 p - a ring of protection from cold (right hand)
Wands
 e - a wand of flame (14)
 h - a wand of paralysis (2) (quivered)
Scrolls
 g - a scroll of fog
 i - a scroll of teleportation
 j - a scroll of enchant armour
 m - a scroll of amnesia
 q - 2 scrolls of summoning
 s - a scroll of identify
Potions
 b - a potion of lignification
Miscellaneous
 c - a piece from Xom's chessboard (8/15)


   Skills:
 + Level 9.2 Fighting
 + Level 3.3 Short Blades
 + Level 5.7 Long Blades
 + Level 3.3 Axes
 + Level 3.3 Maces & Flails
 + Level 3.3 Polearms
 + Level 3.3 Staves
 + Level 3.3 Slings
 + Level 3.3 Bows
 + Level 4.2 Crossbows
 + Level 4.2 Throwing
 + Level 3.3 Armour
 + Level 4.2 Dodging
 + Level 3.3 Stealth
 + Level 3.3 Shields
 + Level 3.3 Unarmed Combat
 + Level 3.3 Spellcasting
 + Level 2.7 Conjurations
 + Level 2.7 Hexes
 + Level 2.7 Summonings
 + Level 2.7 Necromancy
 + Level 2.7 Translocations
 + Level 2.7 Transmutations
 + Level 2.7 Fire Magic
 + Level 2.7 Ice Magic
 + Level 2.7 Air Magic
 + Level 2.7 Earth Magic
 + Level 2.7 Poison Magic
 + Level 3.6 Invocations
 + Level 4.2 Evocations


You had 12 spell levels left.
You knew the following spells:

 Your Spells              Type           Power      Damage    Failure   Level
a - Foxfire               Conj/Fire      40%        2x1d6     6%          1

Your spell library contained the following spells:

 Spells                   Type           Power      Damage    Failure   Level
 Conjure Flame            Conj/Fire      10%        6-21      19%         3
 Inner Flame              Hex/Fire       10%        N/A       19%         3


Dungeon Overview and Level Annotations

Branches:
Dungeon (5/15)
 Temple: D:4-7

Altars:

Shops:
D:3 *   D:4 :

Annotations:
D:5 2 runed translucent doors


Innate Abilities, Weirdness & Mutations

You have very sharp teeth.
Your uncanny sense of smell can sniff out nearby items.
Your experience applies equally to all skills.


Message History

The adder hisses angrily.
The ogre shouts!
You see here 12 gold pieces.
You make a move on Xom's chessboard...
The adder barely resists.
The adder bites you.
You are poisoned.
The adder poisons you!
You make a move on Xom's chessboard...
The adder struggles to resist.
You feel sick. The adder closely misses you.
The ogre hits you with a +0 giant club!!
The adder misses you.
You barely miss the ogre.
You feel sick. The adder bites you but does no damage.
The ogre hits you with a +0 giant club!!
You hit the ogre.
Your weapon exudes an aura of protection.
The ogre is lightly wounded.
You feel sick. The adder bites you but does no damage.
The adder completely misses you.
The ogre hits you with a +0 giant club!!
* * * LOW HITPOINT WARNING * * *
You feel better. The adder barely misses you.
You feel better. The ogre hits you with a +0 giant club!
* * * LOW HITPOINT WARNING * * *
The adder bites you but does no damage.
You feel much better. The adder bites you.
You are poisoned.
The adder poisons you! The ogre barely misses you. The adder misses you.
As you read the scroll of teleportation, it crumbles to dust.
You feel strangely unstable.
You feel sick. The adder bites you.
You are more poisoned.
The adder poisons you! The ogre hits you with a +0 giant club!
* * * LOW HITPOINT WARNING * * *
You hit the ogre.
Your weapon exudes an aura of protection.
The ogre is moderately wounded.
You feel very sick. The adder bites you but does no damage.
The ogre hits you with a +0 giant club!!
You die...

..+.....#...........#ยง..#.......#
#+#.....##########'####'###'###'#
..............................)).
...............................).
.................................
.................................
.................................
..######+#......S.....########...
..#......#.....O@$....'.........8
..'......+............#.........#
..#......#............#.........#
..##...###............#...#..#'.#
####...# ....################...#
.......# .... #...8 .......# ...
#.... .......# .. #.... .......#
#....


You could see an ogre and an adder.

Vanquished Creatures
  Sigmund (D:5)
  Eustachio (D:4)
  Edmund (D:5)
  An ogre (D:4)
  A bullfrog (D:4)
  A wyvern zombie (D:5)
  A wyvern skeleton (D:5)
  A centaur zombie (D:5)
  4 bullfrog zombies (D:5)
  An orc priest (D:5)
  3 bullfrog skeletons (D:5)
  An iguana (D:5)
  2 hound skeletons
  4 gnolls (D:3)
  A howler monkey skeleton (D:5)
  8 adders
  A white imp (D:5)
  2 adder zombies (D:5)
  An adder skeleton (D:4)
  3 dart slugs
  15 orcs
  4 ball pythons
  4 bats
  9 endoplasms
  6 giant cockroaches
  6 goblins
  13 hobgoblins
  5 kobolds
  A quokka (D:1)
  4 frilled lizards
  11 rats
117 creatures vanquished.

Vanquished Creatures (collateral kills)
  An endoplasm (D:2)
1 creature vanquished.

Vanquished Creatures (others)
  8 foxfires (D:5)
  7 withered plants (D:5)
15 creatures vanquished.

Grand Total: 133 creatures vanquished

Notes
Turn   | Place    | Note
-------+----------+-------------------------------------------
     0 | D:1      | lonewolfV2 the Gnoll Wanderer began the quest for the Orb.
     0 | D:1      | lonewolfV2 set off with the following items: a +2 falchion,
                  | a potion of lignification, a piece from Xom's chessboard
                  | (15/15), a +0 robe
     0 | D:1      | Reached XP level 1. HP: 26/26 MP: 1/1
    69 | D:1      | Reached XP level 2. HP: 10/33 MP: 2/2
   542 | D:1      | Reached XP level 3. HP: 38/38 MP: 3/3
  1014 | D:2      | Reached skill level 1 in Invocations
  1224 | D:2      | Reached skill level 1 in Short Blades
  1224 | D:2      | Reached skill level 1 in Axes
  1224 | D:2      | Reached skill level 1 in Maces & Flails
  1224 | D:2      | Reached skill level 1 in Polearms
  1224 | D:2      | Reached skill level 1 in Staves
  1224 | D:2      | Reached skill level 1 in Slings
  1224 | D:2      | Reached skill level 1 in Bows
  1224 | D:2      | Reached skill level 1 in Armour
  1224 | D:2      | Reached skill level 1 in Stealth
  1224 | D:2      | Reached skill level 1 in Shields
  1224 | D:2      | Reached skill level 1 in Unarmed Combat
  1224 | D:2      | Reached skill level 1 in Spellcasting
  1303 | D:2      | Reached XP level 4. HP: 45/45 MP: 5/5
  2027 | D:2      | Reached skill level 1 in Conjurations
  2027 | D:2      | Reached skill level 1 in Hexes
  2027 | D:2      | Reached skill level 1 in Summonings
  2027 | D:2      | Reached skill level 1 in Necromancy
  2027 | D:2      | Reached skill level 1 in Translocations
  2027 | D:2      | Reached skill level 1 in Transmutations
  2027 | D:2      | Reached skill level 1 in Fire Magic
  2027 | D:2      | Reached skill level 1 in Ice Magic
  2027 | D:2      | Reached skill level 1 in Air Magic
  2027 | D:2      | Reached skill level 1 in Earth Magic
  2027 | D:2      | Reached skill level 1 in Poison Magic
  2399 | D:3      | Found Igioselu's General Store.
  2456 | D:3      | Reached XP level 5. HP: 49/51 MP: 5/7
  2471 | D:3      | HP: 2/51 [gnoll (8)]
  3534 | D:4      | Reached XP level 6. HP: 43/57 MP: 8/8
  3790 | D:4      | Found Taig's Self-Improvement Boutique.
  3826 | D:4      | Reached skill level 5 in Long Blades
  4306 | D:4      | Noticed Eustachio
  4324 | D:4      | Killed Eustachio
  4325 | D:4      | Reached XP level 7. HP: 53/63 MP: 10/10
  5146 | D:5      | Entered Level 5 of the Dungeon
  5286 | D:5      | Identified the amulet of Xom's Sleight of Hands {Faith rN+
                  | Int+3}
  5343 | D:5      | Noticed Sigmund
  5351 | D:5      | Killed Sigmund
  5352 | D:5      | Reached skill level 9 in Fighting
  5399 | D:5      | Noticed Edmund
  5420 | D:5      | Killed Edmund
  5502 | D:5      | Reached XP level 8. HP: 61/71 MP: 12/12
  6016 | D:5      | Learned a level 1 spell: Foxfire
  6491 | D:5      | Found a large runed translucent door.
  6492 | D:5      | Found a large runed translucent door.
  6522 | D:5      | Mangled by an ogre

Illustrated notes

Levels and vault maps discovered:
D:1:      evilmike_arrival_plus, layout_rooms
D:2:      layout_basic
D:3:      layout_basic, serial_shops, nicolae_square_shop,
          minmay_strange_pillars
D:4:      minmay_general_purpose_star, layout_loops_corners,
          minmay_misc_feat_nine_boxes, nicolae_shop_self_help, uniq_eustachio
D:5:      layout_gridville, jmf_multi_god_temple2, serial_undead,
          serial_undead_f, serial_undead_d, serial_undead_b, serial_undead_c,
          serial_undead_d, sigmund_edmund_badplayer

Skill      XL: |  1  2  3  4  5  6  7  8 |
---------------+-------------------------+-----
Invocations    | 1 2 3 |  3.6
Short Blades   | 1 2 3 |  3.3
Axes           | 1 2 3 |  3.3
Maces & Flails | 1 2 3 |  3.3
Polearms       | 1 2 3 |  3.3
Staves         | 1 2 3 |  3.3
Slings         | 1 2 3 |  3.3
Bows           | 1 2 3 |  3.3
Armour         | 1 2 3 |  3.3
Stealth        | 1 2 3 |  3.3
Shields        | 1 2 3 |  3.3
Unarmed Combat | 1 2 3 |  3.3
Spellcasting   | 1 2 3 |  3.3
Conjurations   | 1 2 |  2.7
Hexes          | 1 2 |  2.7
Summonings     | 1 2 |  2.7
Necromancy     | 1 2 |  2.7
Translocations | 1 2 |  2.7
Transmutations | 1 2 |  2.7
Fire Magic     | 1 2 |  2.7
Ice Magic      | 1 2 |  2.7
Air Magic      | 1 2 |  2.7
Earth Magic    | 1 2 |  2.7
Poison Magic   | 1 2 |  2.7
Crossbows      | 3 4 |  4.2
Throwing       | 3 4 |  4.2
Dodging        | 3 4 |  4.2
Evocations     | 3 4 |  4.2
Long Blades    | 5 |  5.7
Fighting       | 9 |  9.2

Action                   |  1- 3 |  4- 6 |  7- 9 || total
-------------------------+-------+-------+-------++-------
Melee: Falchion          |    79 |   149 |    31 ||   259
       Bite              |     6 |     6 |    14 ||    26
       Punch             |       |       |     4 ||     4
       Flail             |       |       |   100 ||   100
 Cast: Foxfire           |       |       |     6 ||     6
Evoke: Piece from Xom's  |    18 |     3 |     3 ||    24
  Use: Scroll            |     2 |     6 |     3 ||    11
       Potion            |       |     2 |     9 ||    11
 Stab: Petrified         |     2 |       |       ||     2
       Paralysed         |     1 |       |    14 ||    15
       Petrifying        |     2 |       |       ||     2
       Sleeping          |     1 |     2 |     1 ||     4
Armor: Robe              |    22 |    29 |   113 ||   164
       Skin              |       |    18 |       ||    18
Dodge: Dodged            |    83 |   106 |   152 ||   341
       Rpst.: Falchion   |    25 |    37 |     6 ||    68
